 Dungeon Crawl Stone Soup version 0.29-a0-271-gd4eb659eea (console) character file.

Game seed: 15802374168359451100

2146 jejorda2 the Slicer (level 9, -1/55 HPs)
             Began as a Tengu Brigand on Mar 8, 2022.
             Slain by an orc warrior
             ... wielding a +0 war axe
              (6 damage)
             ... in a bailey.
             The game lasted 00:17:53 (6766 turns).

jejorda2 the Slicer (Tengu Brigand)                 Turns: 6766, Time: 00:17:54

Health: -1/55      AC:  6    Str: 18    XL:     9   Next: 31%
Magic:  0/10       EV: 14    Int: 12    God:
Gold:   482        SH:  0    Dex: 19    Spells: 8/8 levels left

rFire   . . .      SeeInvis .   a - +3 dagger (freeze)
rCold   . . .      Faith    .   (no shield)
rNeg    . . .      Spirit   +   w - +0 leather armour
rPois   .          Reflect  .   (helmet restricted)
rElec   .          Harm     .   c - +0 cloak
rCorr   .          Rampage  .   m - +1 pair of gloves
Will    .....                   (boots unavailable)
Stlth   +++.......              q - amulet of guardian spirit
HPRegen 0.18/turn               g - +6 ring of strength
MPRegen 0.12/turn               (no ring)

@: flying quickly and evasively, quick
A: beak, talons 3, nimble flight
a: no special abilities


You were in a bailey.
You visited 1 branch of the dungeon, and saw 7 of its levels.
You also visited: Bailey.

You collected 482 gold pieces.

Inventory:

Hand Weapons
 a - a +3 dagger of freezing (weapon)
 b - a +2 vorpal dagger
 s - the +7 flail of the Mushroom {holy, +Blink rCorr Int+3}
   (You found it on level 6 of the Dungeon)

   It has been blessed by the Shining One to cause great damage to the undead
   and demons.
   Int:       It affects your intelligence (+3).
   +Blink:    It lets you blink.
   rCorr:     It protects you from acid and corrosion.
Missiles
 d - 24 poisoned darts
 e - a curare-tipped dart
 l - 80 stones (quivered)
Armour
 c - a +0 cloak (worn)
 m - a +1 pair of gloves (worn)
 w - a +0 leather armour (worn)
Magical Staves
 j - a staff of air
Jewellery
 g - a +6 ring of strength (left hand)
 q - an amulet of guardian spirit (around neck)
 y - a +6 ring of intelligence
Scrolls
 k - a scroll of amnesia
 o - a scroll of fog
 t - 2 scrolls of vulnerability
Potions
 i - 3 potions of attraction
 p - 3 potions of resistance
 x - 5 potions of curing
 z - a potion of mutation


   Skills:
 - Level 6.0 Fighting
 * Level 9.8 Short Blades
 + Level 6.0 Throwing
 + Level 2.1 Dodging
 - Level 4.0 Stealth


You had 8 spell levels left.
You didn't know any spells.
Your spell library contained the following spells:

 Spells                   Type           Power      Damage    Failure   Level
 Pain                     Necr           0%         1d4       36%         1
 Agony                    Necr           0%         N/A       100%        5
 Excruciating Wounds      Necr           0%         N/A       100%        5


Dungeon Overview and Level Annotations

Branches:
Dungeon (7/15)             Temple (0/1) D:7          Bailey (1/1)

Altars:
Ashenzari
Dithmenos
Kikubaaqudgha

Shops:
D:1 (

Annotations:
D:5 1 runed translucent door, drugrobin's ghost, novice DgFi
D:6 1 runed translucent door, Esekla's ghost, weakling OpDe


Innate Abilities, Weirdness & Mutations

You have a beak for a mouth.
You have claws for feet.
Your magical nature lets you fly swiftly and evasively.


Message History

The orc hits you with a +0 war axe.
The orc warrior hits you with a +0 war axe!
The goblin hits you but does no damage.
You hit the orc warrior. You freeze the orc warrior.
You claw the orc warrior, but do no damage.
You peck the orc warrior.
The orc warrior is heavily wounded.
You catch the helpless orc warrior completely off-guard!
You impale the orc warrior!! You freeze the orc warrior.
You kill the orc warrior!
The orc closely misses you.
The orc warrior hits you with a +0 war axe!
* * * LOW HITPOINT WARNING * * *
The goblin misses you.
Your Throwing skill increases to level 6!
Your Dodging skill increases to level 2!
You feel much better. The orc hits you with a +0 war axe.
The orc warrior hits you with a +0 war axe!!
* * * LOW HITPOINT WARNING * * *
The goblin closely misses you.
Throw: 2 darts (curare)
Press: ? - help, Shift-Dir - straight line, f - orc warrior
Aim: an orc warrior, wielding a +0 war axe and wearing a +0 plate armour (67% to hit)
You throw a curare-tipped dart.
The curare-tipped dart hits the orc warrior.
The orc warrior is poisoned.
The orc warrior convulses.
The orc warrior seems to slow down.
The orc warrior is moderately wounded.
You barely miss the orc warrior.
The orc warrior is moderately wounded.
The orc misses you. The goblin misses you.
You closely miss the orc warrior. You claw the orc warrior.
You peck the orc warrior, but do no damage.
The orc warrior is heavily wounded.
The orc warrior hits you with a +0 war axe!
* * * LOW HITPOINT WARNING * * *
The goblin attacks as you move away! The goblin hits you but does no damage.
Items here: ( ) ? [ †.
The orc warrior hits you with a +0 war axe!
You die...

+.........)......)#
##.........##.....##
#.....⌠.....#######
##.........##
#.........#
##.....).##
#.......# ##.....##
♣##'g@##♣ ♣..)oo..♣♣
♣♣♣........♣♣
♣.....∩.....♣
♣...........♣
♣♣....∩.....♣
♣...........♣
♣♣♣.......♣♣♣
♣♣..♣♣.♣♣


You could see an orc warrior (very poisoned, slow), an orc and a goblin.

Vanquished Creatures
  Pikel (D:6)
  Prince Ribbit (D:5)
  A black bear (D:4)
  3 ice beasts
  2 orc warriors (Bailey)
  2 lemures (D:6)
  A centaur (D:5)
  2 phantoms
  2 scorpions (D:5)
  3 wights
  4 hounds
  2 jellies (D:5)
  2 iguanas (D:6)
  5 adders
  9 gnolls
  An ufetubus (D:5)
  A worm (D:3)
  3 dart slugs
  8 orcs
  4 bats
  5 endoplasms
  4 giant cockroaches
  16 goblins
  6 hobgoblins
  6 kobolds
  A quokka (D:3)
  4 ball pythons
  6 frilled lizards
  9 rats
114 creatures vanquished.

Vanquished Creatures (others)
  2 withered plants (D:5)
2 creatures vanquished.

Grand Total: 116 creatures vanquished

Notes
Turn   | Place    | Note
-------+----------+-------------------------------------------
     0 | D:1      | jejorda2 the Tengu Brigand began the quest for the Orb.
     0 | D:1      | Reached XP level 1. HP: 12/12 MP: 2/2
   187 | D:1      | Reached XP level 2. HP: 17/17 MP: 3/3
   287 | D:1      | Reached skill level 3 in Short Blades
   326 | D:1      | Found a faded altar of an unknown god.
   466 | D:1      | Reached XP level 3. HP: 22/22 MP: 4/4
   734 | D:1      | Found Fuphocs's Antique Weapon Boutique.
  1273 | D:2      | Reached skill level 4 in Short Blades
  1273 | D:2      | Reached XP level 4. HP: 18/27 MP: 5/5
  2164 | D:3      | Found a shadowy altar of Dithmenos.
  2577 | D:4      | Noticed a black bear
  2582 | D:4      | Noticed a phantom
  2593 | D:4      | Killed a black bear
  2594 | D:4      | Reached skill level 5 in Short Blades
  2594 | D:4      | Gained mutation: Your magical nature lets you fly swiftly
                  | and evasively. [Tengu growth]
  2594 | D:4      | Reached XP level 5. HP: 32/32 MP: 6/6
  2606 | D:4      | Killed a phantom
  2607 | D:4      | Reached XP level 6. HP: 38/38 MP: 7/7
  2626 | D:4      | Identified the +0 robe of the Stone Wall {rElec Str+4 Int-5
                  | Archmagi}
  2689 | D:4      | Found an ancient bone altar of Kikubaaqudgha.
  3255 | D:5      | Entered Level 5 of the Dungeon
  3623 | D:5      | Reached skill level 6 in Short Blades
  3623 | D:5      | Reached XP level 7. HP: 43/43 MP: 8/8
  3644 | D:5      | Noticed Prince Ribbit
  3651 | D:5      | Killed Prince Ribbit
  3936 | D:5      | Found a broken altar of Ashenzari.
  4119 | D:5      | Reached skill level 7 in Short Blades
  4316 | D:5      | Reached XP level 8. HP: 26/48 MP: 9/9
  4748 | D:5      | Found a runed translucent door.
  4749 | D:5      | Noticed drugrobin's ghost (novice DgFi)
  4861 | D:6      | Found a runed translucent door.
  4863 | D:6      | Noticed Esekla's ghost (weakling OpDe)
  4863 | D:6      | Noticed a brown ugly thing
  5111 | D:5      | Reached skill level 5 in Fighting
  5237 | D:6      | Reached skill level 8 in Short Blades
  5725 | D:6      | Reached skill level 5 in Throwing
  5826 | D:6      | Identified the +7 flail of the Mushroom {holy, +Blink rCorr
                  | Int+3}
  5911 | D:6      | Noticed Pikel
  5926 | D:6      | Killed Pikel
  5927 | D:6      | Reached skill level 9 in Short Blades
  5927 | D:6      | Reached XP level 9. HP: 52/55 MP: 10/10
  6386 | D:7      | Found a flagged portal.
  6475 | Bailey   | Entered a bailey
  6766 | Bailey   | Slain by an orc warrior

Illustrated notes

Levels and vault maps discovered:
D:1:      dreamdust_arrival_beginning_and_end, layout_loops_ring, serial_shops,
          nicolae_shop_statue_plus, dilly_ecumenical_altar_fadedgnrine
D:2:      layout_loops_cross, lemuel_flame_loot_1
D:3:      layout_basic, lemuel_doored_altar
D:4:      minmay_door_path, layout_basic, nicolae_kikubaaqudgha_miasma_corner,
          kennysheep_cluttered_room, feat_on_display
D:5:      layout_loops_corners, nicolae_ashenzari_panopticon,
          gammafunk_ghost_grave, uniq_prince_ribbit1
D:6:      layout_cave_pools, ebering_ghost_inner_flame, uniq_pikel
D:7:      minmay_skewed_foursquare, layout_loops_corners,
          regret_index_temple_of_mockery, nicolae_uskayaw_en_pointe,
          nicolae_wu_jian_glorious_leap, minmay_temple_entry_large_hall,
          serial_shops, nicolae_shop_window_shopping, enter_bailey_3,
          doesnt_shop_hydraphobe, uniq_maggie
Bailey:   bailey_axe_minmay_hex_keep, bailey

Skill      XL: |  1  2  3  4  5  6  7  8  9 |
---------------+----------------------------+-----
Short Blades   | 3 4 5 6 7 9 |  9.8
Fighting       | 3 4 6 |  6.0
Throwing       | 3 4 5 6 |  6.0
Dodging        | 2 |  2.1
Stealth        | |  4.0

Action                   |  1- 3 |  4- 6 |  7- 9 || total
-------------------------+-------+-------+-------++-------
Melee: Dagger            |    61 |    52 |   152 ||   265
       Kick              |    13 |    11 |    59 ||    83
       Peck              |     6 |     8 |    34 ||    48
       Punch             |       |       |     3 ||     3
Throw: Dart              |       |    23 |    15 ||    38
       Stone             |       |       |    93 ||    93
  Use: Scroll            |       |    13 |     5 ||    18
       Potion            |       |       |     2 ||     2
 Stab: Sleeping          |    10 |     7 |     4 ||    21
       Distracted        |       |     1 |       ||     1
       Invisible         |       |       |     2 ||     2
Armor: Robe              |     7 |     2 |       ||     9
       Leather armour    |       |     3 |    23 ||    26
Dodge: Dodged            |    25 |    15 |    65 ||   105

Table legend: (Time is in decaauts)
 A = Elapsed time spent in this place.
 B = Non-inter-level travel time spent in this place.
 C = Inter-level travel time spent in this place.
 D = Time resting spent in this place.
 E = Time spent auto-exploring this place.
 F = Levels seen in this place.
 G = Mean time per level.
                   A        B        C        D        E       F      G
               +--------+--------+--------+--------+--------+-----+--------+
         Total |   6432 |   6155 |    277 |    485 |   4745 |   8 |  804.0 |
       Dungeon |   6178 |   5901 |    277 |    485 |   4613 |   7 |  882.6 |
        Bailey |    253 |    253 |      0 |      0 |    131 |   1 |  253.0 |
               +--------+--------+--------+--------+--------+-----+--------+

Top non-repeatable levels by time:
     D:5: 1388 daAuts
     D:6: 1277 daAuts
     D:2: 1257 daAuts
     D:4: 877 daAuts
     D:1: 843 daAuts
     D:3: 392 daAuts
  Bailey: 253 daAuts
     D:7: 142 daAuts
